 Dungeon Crawl Stone Soup version 0.30.1-11-g7821555f0a (webtiles) character file.

Game seed: 4230846355037974770

4 Dordric the Grave Robber (level 1, -1/13 HPs)
             Began as a Mummy Necromancer on Nov 9, 2023.
             Slain by a jackal (3 damage)
             ... on level 1 of the Dungeon.
             The game lasted 00:00:17 (112 turns).

Dordric the Grave Robber (Mummy Necromancer)         Turns: 112, Time: 00:00:18

Health: -1/13      AC:  2    Str: 11    XL:     1   Next: 50%
Magic:  0/4        EV: 12    Int: 14    God:
Gold:   10         SH:  0    Dex: 12    Spells: 4/5 levels left

rFire   x . .        (no weapon)
rCold   + . .        (no shield)
rNeg    + + +        a - +0 robe
rPois   ∞            (no helmet)
rElec   .            (no cloak)
rCorr   .            (no gloves)
SInv    .            (no boots)
Will    .....        (no amulet)
Stlth   ++           (no ring)
HPRegen 0.22/turn    (no ring)
MPRegen 0.09/turn

%: faith
@: no status effects
A: cold resistance 1, negative energy resistance 3, torment resistance 2, heat
vulnerability 1, no potions, faith
a: no special abilities


You were on level 1 of the Dungeon.
You visited 1 branch of the dungeon, and saw 1 of its levels.

You collected 10 gold pieces.

Inventory:

Armour
 a - a +0 robe (worn)


   Skills:
 - Level 1.5 Dodging
 - Level 1.5 Stealth
 + Level 2.9 Spellcasting
 + Level 4.1 Necromancy


You had 4 spell levels left.
You knew the following spells:

 Your Spells              Type           Power      Damage    Failure   Level
a - Necrotise             Necr           52%        1d6       4%          1

Your spell library contained the following spells:

 Spells                   Type           Power      Damage    Failure   Level
 Vampiric Draining        Necr           13%        2d6       12%         3
 Animate Dead             Necr           13%        N/A       36%         4
 Agony                    Necr           13%        N/A       73%         5


Dungeon Overview and Level Annotations

Branches:
Dungeon (1/15)

Altars:


Innate Abilities, Weirdness & Mutations

You are immune to poison.
Your flesh is cold resistant. (rC+)
You are immune to negative energy. (rN+++)
You are immune to unholy pain and torment.
You are vulnerable to heat. (rF-)
You do not drink.
You have a special connection with the divine. (Faith)


Message History

You kill the hobgoblin!
The dead are walking!
A rat comes into view.
A rat is nearby!
A rat is nearby!
A rat is nearby!
A jackal comes into view. x2
A kobold comes into view. It is wielding a +0 short sword.
The rat writhes in agony.
You kill the rat!
The dead are walking!
The jackal bites your hobgoblin skeleton.
Your hobgoblin skeleton barely misses the jackal.
The jackal bites your hobgoblin skeleton. x2
Your hobgoblin skeleton is destroyed!
The kobold throws a stone.
The stone closely misses you.
You see here a +0 chain mail.
The jackal attacks as you move away! The jackal closely misses you.
The jackal barely misses you. The jackal attacks as you move away!
The jackal bites you. The jackal attacks as you move away!
The jackal bites you. The jackal barely misses you.
The jackal attacks as you move away! The jackal misses you.
You see here a +0 short sword.
The jackal barely misses you.
The jackal writhes in agony.
The jackal bites you. x2
The jackal writhes in agony.
The jackal bites you.
The jackal bites you but does no damage. x2
The jackal closely misses you.
You are too injured to fight recklessly!
You are too injured to fight recklessly!
You barely miss the jackal.
The jackal is almost dead.
The jackal bites you. x2
* * * LOW HITPOINT WARNING * * *
Something bites your rat skeleton.
You hit the jackal but do no damage.
The jackal is almost dead.
The jackal barely misses you. The jackal bites you.
You die...

###.#
##...#
##..###
#..##
##.##
#######..#
#.......##
#......##
#.....@#
#....hh#
#......##
#####K..#
#...#
##...#
#...##
##Z..#
#...##


You could see 2 jackals, a kobold and a friendly rat skeleton.

Vanquished Creatures
  A hobgoblin (D:1)
  A kobold (D:1)
  A ball python (D:1)
  A rat (D:1)
4 creatures vanquished.

Notes
Turn   | Place    | Note
-------+----------+-------------------------------------------
     0 | D:1      | Dordric the Mummy Necromancer began the quest for the Orb.
     0 | D:1      | Reached XP level 1. HP: 13/13 MP: 4/4
   112 | D:1      | Slain by a jackal

Illustrated notes

Levels and vault maps discovered:
D:1:      dpeg_arrival_tiny_k, layout_rooms, serial_curves, eino_curves_02,
          eino_curves_02, eino_curves_01, eino_curves_01

Action                     || total
---------------------------++-------
  Melee: Unarmed           ||     2
   Cast: Necrotise         ||    10
 Armour: Robe              ||     2
  Dodge: Dodged            ||     8
